 Dungeon Crawl Stone Soup version 0.23-a0-395-gcf17ac6c65 (webtiles) character file.

11756 Napalmbreeze the Fighter (level 11, 0/91 HPs)
             Began as a Demonspawn Artificer on Nov 1, 2018.
             Was a Priest of Nemelex Xobeh.
             Slain by a tyrant leech (19 damage)
             ... on level 2 of the Lair of Beasts.
             The game lasted 00:30:25 (13622 turns).

Napalmbreeze the Fighter (Demonspawn Artificer)    Turns: 13622, Time: 00:30:27

Health: 0/91       AC: 18    Str: 16    XL:     11   Next: 53%
Magic:  17/17      EV: 14    Int: 16    God:    Nemelex Xobeh [***...]
Gold:   875        SH:  3    Dex: 13    Spells: 10/10 levels left

rFire    . . .     SeeInvis .   b - +4 quarterstaff (chaos)
rCold    + . .     Gourm    .   (shield currently unavailable)
rNeg     . . .     Faith    .   C - +2 ring mail {rC+}
rPois    .         Spirit   .   (helmet restricted)
rElec    .         Reflect  +   x - +0 cloak
rCorr    .         Harm     .   (no gloves)
MR       .....                  D - +0 pair of boots
Stlth    +.........             p - +3 amulet of reflection
HPRegen  0.25/turn              u - +5 ring of protection
MPRegen  0.15/turn              S - +3 ring of intelligence

@: no status effects
A: horns 1, rugged brown scales 2, foul stench 1, rot immunity
a: Triple Draw, Renounce Religion


You were on level 2 of the Lair of Beasts.
You worshipped Nemelex Xobeh.
Nemelex Xobeh was most pleased with you.
You were not hungry.

You visited 3 branches of the dungeon, and saw 13 of its levels.
You also visited: Ossuary.

You collected 920 gold pieces.
You spent 45 gold pieces at shops.

Inventory:

Hand Weapons
 b - a +4 quarterstaff of chaos (weapon)
 m - a +1 short sword of speed
 R - a +1 vampiric trident
Missiles
 q - 59 poisoned needles
 y - 3 needles of frenzy
 Q - 7 needles of paralysis
Armour
 s - +0 fire dragon scales
 x - a +0 cloak (worn)
 C - a +2 ring mail of cold resistance (worn)
 D - a +0 pair of boots (worn)
Jewellery
 p - a +3 amulet of reflection (around neck)
 u - a +5 ring of protection (left hand)
 J - an uncursed ring of flight
 S - a +3 ring of intelligence (right hand)
Wands
 c - a wand of flame (18)
 d - a wand of enslavement (21)
 e - a wand of random effects (24)
 g - a wand of scattershot (5)
 T - a wand of iceblast (8)
Scrolls
 a - a scroll of enchant armour {unknown}
 h - a scroll of magic mapping
 i - 14 scrolls of identify
 l - 8 scrolls of remove curse
 z - a scroll of immolation {unknown}
 A - 2 scrolls of noise
 E - a scroll of blinking {unknown}
 H - a scroll of vulnerability {unknown}
 I - 2 scrolls of random uselessness {unknown}
 K - a scroll of holy word {unknown}
 L - 5 scrolls of teleportation
 M - 2 scrolls of enchant weapon
 P - 2 scrolls of fear {unknown}
 V - a scroll of fog {unknown}
 X - a scroll of brand weapon {unknown}
Potions
 j - 2 potions of magic {unknown}
 k - 5 potions of lignification {unknown}
 n - a potion of cancellation {unknown}
 o - 4 potions of haste {unknown}
 r - 5 potions of might {unknown}
 t - 3 potions of agility {unknown}
 v - 6 potions of degeneration {unknown}
 w - 3 potions of brilliance {unknown}
 B - 6 potions of curing {unknown}
 F - 3 potions of heal wounds {unknown}
 G - a potion of ambrosia {unknown}
 N - 2 potions of flight {unknown}
Miscellaneous
 O - a legendary deck of destruction {drawn: 2}
 W - a plain deck of destruction {drawn: 1}
 Y - a plain deck of destruction
Comestibles
 f - 22 rations
 U - 6 chunks of flesh


   Skills:
 + Level 8.3 Fighting
 - Level 3.1 Short Blades
 + Level 6.4 Staves
 + Level 6.8 Armour
 + Level 7.4 Dodging
 - Level 0.8 Stealth
 + Level 8.3 Invocations
 - Level 8.0 Evocations


You had 10 spell levels left.
You didn't know any spells.
Your spell library contained the following spells:

 Spells                   Type           Power        Failure   Level  Hunger
 Beastly Appendage        Tmut           #.....       41%         1    ##.....
 Magic Dart               Conj           #...         41%         1    ##.....
 Shock                    Conj/Air       #...         41%         1    ##.....
 Blink                    Tloc           N/A          54%         2    ###....
 Call Imp                 Summ           #.......     54%         2    ###....
 Slow                     Hex            #.......     54%         2    ###....
 Sticks to Snakes         Tmut           #.......     54%         2    ###....
 Swiftness                Chrm/Air       #.......     54%         2    ###....
 Conjure Flame            Conj/Fire      #.......     78%         3    ####...
 Mephitic Cloud           Conj/Pois/Air  #.......     78%         3    ####...
 Spider Form              Tmut/Pois      #.........   78%         3    ####...
 Static Discharge         Conj/Air       #.......     78%         3    ####...
 Airstrike                Air            #.........   99%         4    #####..
 Ice Form                 Ice/Tmut       #.......     99%         4    #####..
 Blade Hands              Tmut           #.........   100%        5    ######.
 Lightning Bolt           Conj/Air       #.........   100%        5    ######.


Dungeon Overview and Level Annotations

Branches:
Dungeon (10/15)            Temple (1/1) D:6            Lair (2/6) D:9
    Orc (0/2) D:9
  Swamp: Lair:2-4    Shoals: Lair:2-4     Snake: Lair:2-4    Spider: Lair:2-4

Altars:
Ashenzari
Cheibriados
Dithmenos
Gozag
Hepliaklqana
Kikubaaqudgha
Nemelex Xobeh
Okawaru
Ru
Sif Muna
Trog
Uskayaw
Vehumet
Xom
Yredelemnul
Zin
The Shining One

Shops:
D:9 (?%=

Annotations:
D:10 3 runed doors, runewalsh's ghost, journeyman OpWz


Innate Abilities, Weirdness & Mutations

You have a pair of small horns on your head.
You are mostly covered in rugged brown scales. (AC +2, +5% HP)
You may emit foul miasma when damaged in melee.
You are immune to rotting.


Message History

You hit something. You freeze something. You headbutt something.
Something barely misses you. The tyrant leech bites you!
The tyrant leech draws strength from your injuries!
You sock something! You freeze something. Something bites you!!
* * * LOW HITPOINT WARNING * * *
Something draws strength from your injuries!
Evoke which item? (* to show all) (? for menu, Esc to quit)
You draw a card...
It is Wild Magic.
The tyrant leech is caught in an explosion of flying shrapnel!
The explosion engulfs the tyrant leech.
The explosion engulfs you!
The explosion engulfs something.
You feel a surge of magic. The tyrant leech closely misses you.
You closely miss the tyrant leech. Your headbutt misses the tyrant leech.
The tyrant leech is moderately wounded.
Something bites you!
* * * LOW HITPOINT WARNING * * *
Something draws strength from your injuries!
You emit a cloud of foul miasma!
The tyrant leech bites you!!
You die...
Your body disappears without a glow.

#.### #P####.## ###..#
#..#.#..# #....##
#.......# ###..P##
##.......###
#.....###.#........##
###......P.............
#...........÷.........
###..................♣
.......÷.....##.@...♣♣
............###.§w..♣
♣## ....##.....##
#.....♣ ♣.#
.#####....## #P...†.♣
♣.### ..# #.#..#
###....♣ ♣..P# ..#
##.#### #P..... ♣...###
..# #..## ##P.....
♣##..P# ..# #...#
##...... ##... .P#
#..## #....... #P..


You could see a tyrant leech.

Vanquished Creatures
  An anaconda (Lair:1)
  Nergalle (D:10)
  A black mamba (Lair:1)
  A spiny frog (Lair:2)
  A komodo dragon (Lair:2)
  A troll (Lair:1)
  8 blink frogs (Lair:1)
  5 hippogriffs
  Sigmund (D:4)
  A wyvern (D:10)
  10 yaks
  A hog (Lair:1)
  A hungry ghost (D:10)
  2 water moccasins (Lair:1)
  4 porcupines
  A black bear (Lair:1)
  A sky beast (D:8)
  5 ogres
  2 phantoms (D:7)
  An orc warrior (D:9)
  3 ice beasts
  A necrophage (D:8)
  3 centaurs
  6 crocodiles
  4 bullfrogs
  2 big kobolds
  4 scorpions
  11 killer bees
  5 crimson imps
  A bullfrog zombie (D:9)
  2 centaur zombies
  A jelly (D:8)
  5 orc priests
  2 bullfrog skeletons
  6 hounds
  Crazy Yiuf (D:4)
  2 orc wizards
  2 iguanas
  12 worker ants
  A big kobold zombie (Ossuary)
  2 hound zombies
  A hound skeleton (D:7)
  9 mummies
  Robin (D:2)
  2 worker ant zombies
  12 adders
  2 shadow imps
  An ooze (D:2)
  An adder zombie (D:9)
  3 adder skeletons
  3 worms
  3 dart slugs
  11 leopard geckos
  24 orcs
  4 giant cockroaches
  11 goblins
  16 hobgoblins
  22 jackals
  9 quokkas
  2 ball pythons
  7 bats
  2 frilled lizards
  4 hobgoblin zombies
  13 kobolds
  4 kobold zombies
  An orc zombie (Ossuary)
  A quokka skeleton (D:5)
  8 rats
302 creatures vanquished.

Vanquished Creatures (collateral kills)
  A hippogriff (Lair:2)
  A yak (Lair:1)
2 creatures vanquished.

Vanquished Creatures (others)
  2 fungi
  4 plants
6 creatures vanquished.

Grand Total: 310 creatures vanquished

Notes
Turn   | Place    | Note
-------+----------+-------------------------------------------
     0 | D:1      | Napalmbreeze the Demonspawn Artificer began the quest for
                  | the Orb.
     0 | D:1      | Reached XP level 1. HP: 15/15 MP: 3/3
    29 | D:1      | Reached skill level 1 in Short Blades
    40 | D:1      | Gained mutation: You are immune to rotting. [demonic
                  | ancestry]
    40 | D:1      | Reached XP level 2. HP: 2/21 MP: 4/4
   819 | D:1      | Gained mutation: You may emit foul miasma when damaged in
                  | melee. [demonic ancestry]
   819 | D:1      | Reached XP level 3. HP: 27/27 MP: 5/5
  1558 | D:2      | Reached XP level 4. HP: 33/34 MP: 6/6
  1819 | D:2      | Noticed Robin
  2042 | D:2      | Killed Robin
  2292 | D:3      | Found a hazy altar of Hepliaklqana.
  2300 | D:3      | Gained mutation: You have a pair of small horns on your
                  | head. [demonic ancestry]
  2300 | D:3      | Reached XP level 5. HP: 41/41 MP: 7/7
  2464 | D:3      | Found an opulent altar of Gozag.
  3741 | D:4      | Noticed an ogre
  3793 | D:3      | Reached skill level 1 in Armour
  3793 | D:3      | Reached XP level 6. HP: 15/47 MP: 7/9
  4309 | D:4      | Noticed Sigmund
  4664 | D:4      | Killed Sigmund
  4664 | D:4      | Gained mutation: You are partially covered in rugged brown
                  | scales. (AC +1, +3% HP) [demonic ancestry]
  4664 | D:4      | Reached XP level 7. HP: 46/55 MP: 3/10
  4748 | D:4      | Found a runed door.
  4833 | D:4      | Noticed Crazy Yiuf
  4849 | D:4      | Killed Crazy Yiuf
  5060 | D:5      | Entered Level 5 of the Dungeon
  5148 | D:5      | Reached skill level 1 in Staves
  5490 | D:5      | Reached skill level 5 in Evocations
  5863 | D:6      | Gained mutation: You are mostly covered in rugged brown
                  | scales. (AC +2, +5% HP) [demonic ancestry]
  5863 | D:6      | Reached XP level 8. HP: 56/64 MP: 11/11
  6107 | D:6      | Found a staircase to the Ecumenical Temple.
  6123 | Temple   | Entered the Ecumenical Temple
  6238 | Temple   | Became a worshipper of Nemelex Xobeh the Trickster
  6324 | D:6      | Received a gift from Nemelex Xobeh
  6509 | D:6      | Reached skill level 5 in Fighting
  6608 | D:6      | Found a hide-covered altar of Uskayaw.
  6844 | D:7      | Found a sand-covered staircase.
  6863 | Ossuary  | Entered an ossuary
  7058 | Ossuary  | Reached skill level 1 in Invocations
  7647 | D:7      | Reached * piety under Nemelex Xobeh
  7671 | D:7      | Reached XP level 9. HP: 71/71 MP: 13/13
  7945 | D:8      | Reached skill level 5 in Dodging
  8148 | D:8      | Received a gift from Nemelex Xobeh
  8310 | D:8      | Found a sacrificial altar of Ru.
  8670 | D:9      | Found Kadupput's Weapon Boutique.
  8713 | D:9      | Found a staircase to the Lair.
  8746 | D:10     | Entered Level 10 of the Dungeon
  9028 | D:9      | Reached skill level 5 in Invocations
  9033 | D:9      | Reached skill level 5 in Armour
  9046 | D:9      | Reached XP level 10. HP: 65/80 MP: 15/15
  9400 | D:9      | Found Leusex's Magic Scroll Shop.
  9462 | D:9      | Bought a scroll of teleportation for 45 gold pieces
  9585 | D:9      | Found Wofi's Food Shoppe.
  9743 | D:9      | Found a glowing golden altar of the Shining One.
  9879 | D:9      | Found a basalt altar of Yredelemnul.
  9953 | D:9      | Found a staircase to the Orcish Mines.
  9957 | D:9      | Found Eguewask's Jewellery Emporium.
 10022 | D:9      | Noticed an angel
 10233 | D:10     | Reached ** piety under Nemelex Xobeh
 10295 | D:10     | Reached skill level 5 in Staves
 10300 | D:10     | Received a gift from Nemelex Xobeh
 10680 | D:10     | Noticed Nergalle
 10703 | D:10     | Killed Nergalle
 10760 | D:10     | Found a runed gate.
 10760 | D:10     | Found a runed gate.
 10761 | D:10     | Found a runed gate.
 10829 | D:10     | Noticed runewalsh's ghost (journeyman OpWz)
 10872 | Lair:1   | Entered Level 1 of the Lair of Beasts
 11369 | Lair:1   | Reached XP level 11. HP: 50/88 MP: 16/16
 11986 | Lair:1   | Noticed a fire dragon
 12313 | Lair:1   | Noticed an anaconda
 12313 | Lair:1   | a fire dragon changed into an anaconda
 12316 | Lair:1   | Killed an anaconda
 12883 | Lair:2   | Received a gift from Nemelex Xobeh
 12899 | Lair:2   | Reached *** piety under Nemelex Xobeh
 13292 | Lair:2   | Received a gift from Nemelex Xobeh
 13622 | Lair:2   | Slain by a tyrant leech

Vault maps used:
D:1:      lightli_arrival_boilingwater, minmay_hexomino_u4
D:2:      minmay_crystal_room, uniq_robin
D:3:      old_standard_altar, grunt_gozag_breadcrumbs
D:4:      first_ration, uniq_sigmund, uniq_crazy_yiuf_cottage
D:6:      nicolae_overflow_crystal_walls, minmay_temple_entry_junction
D:7:      nicolae_ossuary_entry_giza
D:8:      lemuel_round_altar
D:9:      grunt_temple_overflow_holy_war, minmay_lair_entry_grove, serial_shops,
          shop, shop, nicolae_shop_trees, shop, blue_anna_alchemist
D:10:     gammafunk_ghost_spectres, uniq_nergalle
Temple:   regret_index_temple_sphere_string
Lair:1:   dragon1_lemuel, chequers_serial_rivers_room_a
Lair:2:   minmay_swamp_entry_worms
Ossuary:  ossuary_tomb_3

Skill      XL: |  1  2  3  4  5  6  7  8  9 10 11 |
---------------+----------------------------------+-----
Short Blades   | 1 2 3 |  3.1
Dodging        | 2 3 4 5 6 7 |  7.4
Fighting       | 2 3 4 5 6 7 8 |  8.3
Armour         | 1 2 4 5 6 |  6.8
Evocations     | 4 5 6 7 8 |  8.0
Staves         | 1 3 4 5 6 |  6.4
Invocations    | 2 5 7 8 |  8.3
Stealth        | |  0.8

Action                   |  1- 3 |  4- 6 |  7- 9 | 10-12 || total
-------------------------+-------+-------+-------+-------++-------
Melee: Short sword       |   173 |   254 |    18 |       ||   445
       Headbutt          |       |    23 |    82 |    67 ||   172
       Whip              |       |     8 |       |       ||     8
       Quarterstaff      |       |       |   410 |   374 ||   784
Evoke: Wand              |     4 |    18 |       |     3 ||    25
       Deck              |       |       |     6 |     8 ||    14
  Use: Scroll            |       |     1 |     3 |       ||     4
 Stab: Paralysed         |       |       |     3 |     2 ||     5
       Confused          |       |       |       |     2 ||     2
       Petrifying        |       |       |       |     1 ||     1
  Eat: Chunk             |     2 |     9 |    15 |    14 ||    40
       Ration            |       |       |       |     1 ||     1
Armor: Leather armour    |    34 |       |       |       ||    34
       Chain mail        |    10 |   147 |    49 |       ||   206
       Ring mail         |       |       |   159 |   153 ||   312
Dodge: Dodged            |    88 |    65 |   218 |   259 ||   630
Block: Other             |       |    20 |    49 |    43 ||   112
       Reflection        |       |     1 |     2 |       ||     3

Table legend:
 A = Non-vault XP
 B = Vault XP
 C = Vault XP percentage of total XP
 D = Non-vault monster count
 E = Vault monster count
 F = Vault count percentage of total count
                 A         B        C        D         E       F
            +---------+---------+-------+---------+---------+-------
      Total |   13031 |    3764 |  22.4 |     252 |      52 |  17.1
            +---------+---------+-------+---------+---------+-------
        D:1 |      39 |       6 |  13.3 |      24 |       4 |  14.3
        D:2 |      80 |      38 |  32.2 |      24 |      12 |  33.3
        D:3 |     116 |       0 |   0.0 |      20 |       0 |   0.0
        D:4 |     380 |     260 |  40.6 |      14 |       2 |  12.5
        D:5 |     496 |       0 |   0.0 |      26 |       0 |   0.0
        D:6 |     587 |       0 |   0.0 |      16 |       0 |   0.0
        D:7 |     662 |      20 |   2.9 |      14 |       3 |  17.6
        D:8 |    1283 |       0 |   0.0 |      32 |       0 |   0.0
        D:9 |     923 |    1677 |  64.5 |      22 |      12 |  35.3
       D:10 |    1245 |     923 |  42.6 |      26 |       2 |   7.1
     Lair:1 |    4764 |     660 |  12.2 |      21 |       1 |   4.5
     Lair:2 |    2456 |       0 |   0.0 |      13 |       0 |   0.0
    Ossuary |       0 |     180 | 100.0 |       0 |      16 | 100.0
            +---------+---------+-------+---------+---------+-------
